Map: Inside and Out

Players

Sackaos

  • Race: Protoss Protoss
  • Spawn Location: 1:00

Notairo - Winner!

  • Race: Zerg Zerg
  • Spawn Location: 7:00

VOD

Have the link to the VOD?

Description

Time

  • Played on: Oct. 24, 2022, 9:14 a.m.
  • Length: 16:45
Show
View Real Time Build Order
Export as new Build Order

Sackaos Protoss 

Build Orders: 1 Gate Expand, Chargelot Immortal, Dark Templar Rush 

Get SALT Encoding   

  12  0:01  Probe  
  13  0:16  Pylon  
  13  0:18  Probe  
  14  0:30  Probe  
  15  0:36  Gateway  
  15  0:42  Probe  
  16  0:55  Probe  
  17  1:11  Nexus  
  17  1:15  Probe  
  18  1:20  Assimilator  
  18  1:33  Probe  
  18  1:37  Pylon  
  18  1:38  Assimilator  
  19  1:46  Cybernetics Core  
  19  1:51  Probe  
  20  2:03  Probe  
  21  2:11  Zealot  
  24  2:15  Probe  
  24  2:16  Gateway  
  24  2:27  Probe  
  24  2:28  Warp Gate  
  24  2:29  Twilight Council  
  25  2:38  Zealot  
  25  2:40  Probe  
  25  2:43  Probe  
  29  2:55  Probe  
  30  2:59  Assimilator  
  30  3:01  Probe  
  31  3:07  Probe  
  32  3:13  Probe  
  32  3:16  Zealot  
  32  3:18  Zealot  
  37  3:27  Dark Shrine  
  37  3:33  Robotics Facility  
  37  3:36  Dark Shrine  
  37  3:43  Zealot  
  37  3:45  Zealot  
  41  3:49  Forge  
  41  3:52  Pylon  
  41  3:56  Probe  
  41  3:58  Probe  
  43  4:08  Probe  
  45  4:24  Observer  
  45  4:28  Probe  
  47  4:33  Probe  
  47  4:34  Protoss Ground Armor Level 1  
  47  4:42  Warp Prism  
  47  4:44  Probe (Chrono Boost)  
  50  4:45  Assimilator  
  50  4:46  Probe (Chrono Boost)  
  51  4:54  Nexus  
  51  4:57  Pylon, Probe (Chrono Boost)  
  52  5:02  Probe (Chrono Boost)  
  52  5:04  Charge  
  53  5:12  Probe  
  53  5:13  Forge  
  54  5:15  Pylon  
  54  5:22  Pylon  
  54  5:29  Immortal  
  58  5:42  Dark Templar  
  58  5:43  Dark Templar  
  62  5:57  Gateway  
  62  6:03  Protoss Ground Weapons Level 1  
  63  6:12  Observer  
  63  6:27  Dark Templar x2  
  65  6:47  Immortal  
  65  6:50  Pylon  
  65  6:52  Pylon  
  67  7:09  Probe (Chrono Boost)  
  64  7:16  Assimilator  
  64  7:18  Assimilator  
  64  7:19  Probe (Chrono Boost)  
  65  7:24  Pylon, Probe (Chrono Boost)  
  65  7:27  Pylon  
  65  7:28  Photon Cannon x2  
  65  7:29  Photon Cannon  
  66  7:32  Probe  
  66  7:36  Probe  
  68  7:43  Observer  
  68  7:44  Probe, Zealot x2  
  71  7:48  Probe  
  75  7:56  Probe  
  72  8:00  Zealot  
  74  8:08  Probe  
  71  8:14  Probe  
  72  8:21  Probe  
  72  8:26  Probe  
  74  8:28  Dark Templar x2  
  74  8:30  Stalker  
  74  8:33  Immortal, Probe  
  85  8:38  Probe  
  85  8:39  Robotics Bay  
  85  8:40  Stargate  
  86  8:41  Stargate  
  86  8:42  Protoss Shields Level 1 (Chrono Boost)  
  86  8:43  Gateway  
  86  8:45  Probe  
  87  8:50  Probe  
  87  8:54  Protoss Ground Weapons Level 2 (Chrono Boost)  
  88  9:03  Probe  
  89  9:12  Immortal  
  89  9:16  Pylon  
  93  9:17  Nexus  
  93  9:19  Pylon  
  93  9:22  Pylon x2  
  93  9:26  Assimilator  
  93  9:28  Probe (Chrono Boost)  
  93  9:29  Assimilator  
  94  9:38  Probe (Chrono Boost)  
  96  9:41  Probe (Chrono Boost)  
  96  9:42  Stalker x3  
  96  9:43  Probe (Chrono Boost)  
  103  9:50  Probe  
  103  9:51  Disruptor  
  107  9:54  Probe  
  108  10:02  Probe  
  108  10:06  Probe  
  118  10:09  Void Ray x2  
  118  10:21  Probe  
  118  10:26  Colossus  
  125  10:33  Probe  
  114  10:44  Stalker x2  
  114  10:45  Probe, Zealot x2  
  114  10:46  Protoss Ground Armor Level 2  
  127  10:52  Void Ray  
  127  10:58  Probe  
  100  11:16  Zealot x4  
  94  11:39  Void Ray  
  102  11:40  Void Ray  
  88  12:05  Colossus (Chrono Boost)  
  82  12:13  Zealot x4  
  96  12:20  Robotics Facility, Void Ray x2 (Chrono Boost)  
  104  12:32  Protoss Ground Weapons Level 3  
  88  12:48  Stalker x3  
  100  12:54  Colossus (Chrono Boost)  
  97  13:05  Probe  
  97  13:12  Colossus (Chrono Boost)  
  97  13:14  Photon Cannon  
  97  13:17  Probe  
  104  13:29  Probe  
  104  13:30  Zealot, Sentry x2  
  111  13:35  Immortal  
  115  13:42  Probe  
  116  13:51  Robotics Facility  
  116  13:53  Gateway  
  116  13:54  Probe  
  116  13:55  Gateway  
  117  13:58  Colossus (Chrono Boost), Gateway  
  85  14:36  Zealot x3  
  69  14:51  Colossus (Chrono Boost)  
  59  14:55  Sentry x2  
  59  14:56  Sentry  
  58  15:10  Sentry x3  
  64  15:24  Sentry x3  
  64  15:44  Sentry x3  
  52  16:08  Sentry  
  52  16:09  Sentry x3  
  52  16:10  Sentry x2  
  50  16:32  Sentry x6  
Show
View Real Time Build Order
Export as new Build Order

Notairo Zerg - Winner!

Build Orders: Hatch First, Roach Hydra 

Get SALT Encoding   

  12  0:02  Drone  
  13  0:08  Drone  
  14  0:23  Overlord  
  14  0:43  Hatchery  
  14  0:46  Drone  
  14  0:49  Drone  
  15  0:53  Drone  
  16  0:59  Drone, Extractor  
  16  1:09  Drone  
  17  1:19  Spawning Pool  
  16  1:27  Drone  
  17  1:35  Drone  
  17  1:36  Extractor  
  17  1:45  Drone  
  18  1:55  Overlord  
  18  2:03  Drone x2  
  18  2:05  Queen  
  22  2:12  Queen  
  24  2:19  Metabolic Boost  
  24  2:24  Zergling x2  
  24  2:28  Drone  
  26  2:32  Drone  
  27  2:43  Lair  
  27  2:52  Drone x2  
  27  2:54  Drone  
  30  2:59  Drone  
  30  3:00  Drone  
  30  3:05  Drone  
  33  3:06  Drone  
  34  3:13  Drone  
  35  3:26  Drone  
  36  3:33  Overlord  
  36  3:34  Overlord  
  35  3:42  Hydralisk Den  
  35  3:47  Drone  
  35  3:58  Drone x7  
  35  4:02  Hatchery  
  41  4:08  Evolution Chamber  
  40  4:19  Evolution Chamber  
  40  4:20  Drone x2  
  40  4:21  Drone x5  
  46  4:30  Roach Warren  
  45  4:33  Queen  
  47  4:48  Extractor  
  47  4:49  Extractor  
  47  4:52  Drone x6  
  51  4:53  Overlord x2  
  51  4:55  Zerg Missile Weapons Level 1  
  51  5:02  Zerg Ground Armor Level 1  
  51  5:10  Burrow  
  51  5:12  Glial Reconstitution, Muscular Augments  
  51  5:15  Drone  
  52  5:33  Drone x13  
  52  5:34  Drone  
  66  5:40  Overseer  
  66  6:04  Hatchery  
  66  6:05  Hydralisk  
  66  6:06  Hydralisk x3  
  66  6:07  Overlord  
  73  6:13  Hatchery  
  72  6:22  Drone x2  
  72  6:23  Drone x3  
  74  6:27  Hydralisk x6  
  74  6:31  Tunneling Claws  
  79  6:33  Hydralisk  
  79  6:35  Hydralisk  
  79  6:38  Grooved Spines  
  55  7:16  Overseer x3  
  55  7:19  Hydralisk x2  
  55  7:20  Hydralisk x3  
  65  7:25  Drone x6  
  65  7:27  Queen  
  73  7:34  Queen  
  75  7:38  Overlord  
  75  7:40  Hydralisk  
  77  8:05  Roach x4  
  85  8:06  Roach x6  
  97  8:20  Drone x6  
  102  8:27  Zerg Missile Weapons Level 2  
  102  8:45  Overlord x8  
  102  8:54  Extractor  
  102  8:55  Extractor  
  100  8:58  Extractor  
  100  8:59  Extractor  
  98  9:03  Drone x10  
  108  9:15  Zerg Ground Armor Level 2  
  108  9:16  Infestation Pit  
  107  9:21  Queen  
  109  9:28  Drone x7  
  116  9:36  Overseer  
  116  9:44  Hydralisk x5  
  126  10:14  Hydralisk  
  126  10:15  Hydralisk x11  
  150  10:21  Drone  
  150  10:22  Drone x3  
  128  11:06  Hydralisk x12  
  128  11:07  Hydralisk x6  
  138  11:25  Hive  
  138  11:32  Hydralisk  
  138  11:33  Hydralisk x6  
  138  11:35  Overlord  
  132  11:57  Roach x2  
  128  12:11  Roach x14  
  128  12:12  Roach x5  
  128  12:13  Roach  
  168  12:50  Hydralisk  
  168  12:51  Hydralisk x2  
  174  13:04  Overlord x3  
  174  13:05  Overlord x16  
  174  13:13  Zerg Missile Weapons Level 3  
  174  13:20  Pneumatized Carapace  
  174  13:28  Ravager  
  174  13:29  Ravager x7  
  184  13:34  Roach x2  
  184  13:35  Zergling x2, Roach  
  162  14:22  Roach x15  
  162  14:23  Roach x10  
  182  14:36  Zergling x2, Roach x2  
  182  14:37  Roach x3  
  193  14:56  Zergling x8  
  193  14:57  Zergling x6  
  181  16:13  Ravager  
  181  16:14  Ravager x17  
Tags
 
Add a new tag
Caveats
  • Supply blocks, unpowered buildings, or Contaminate may cause inaccurate times.
  • Supply counts are checked every 10 seconds.